 Dungeon Crawl Stone Soup version 0.14-a0-736-g2a71271 (webtiles) character file.

236 PolkaDot the Ruinous (level 4, -3/33 HPs)
             Began as a Demigod Conjurer on Nov 7, 2013.
             Slain by zammy's ghost (6 damage)
             ... on Level 3 of the Dungeon.
             The game lasted 00:09:06 (2547 turns).

PolkaDot the Ruinous (Demigod Conjurer)             Turns: 2547, Time: 00:09:06

HP  -3/33        AC  2     Str 12      XL: 4   Next: 31%
MP  11/20        EV 12     Int 21      God:
Gold 129         SH  0     Dex 16      Spells:  2 memorised,  2 levels left

Res.Fire  : . . .   See Invis. : .   t - +0 short sword (venom)
Res.Cold  : . . .   Warding    : .   a - +0 robe
Life Prot.: . . .   Conserve   : .   (no shield)
Res.Poison: .       Res.Corr.  : .   (no helmet)
Res.Elec. : .       Clarity    : .   (no cloak)
Sust.Abil.: . .     Spirit.Shd : .   (no gloves)
Res.Mut.  : .       Stasis     : .   (no boots)
Res.Rott. : .       Flight     : .   (no amulet)
Saprovore : . . .                    (no ring)
                                     r - ring of magical power

@: slightly resistant to hostile enchantments, fairly stealthy
A: no striking features
a: no special abilities


You were on level 3 of the Dungeon.
You were hungry.

You visited 1 branch of the dungeon, and saw 3 of its levels.

You collected 129 gold pieces.

Inventory:

Hand weapons
 t - a +0,+0 short sword of venom (weapon)
Armour
 a - a +0 robe (worn)
Comestibles
 b - 2 bread rations
 d - a sausage
 g - a rotting chunk of bat flesh
 j - 3 chunks of jackal flesh
Scrolls
 f - 3 scrolls of identify {unknown}
 h - a scroll of teleportation {unknown}
 i - a scroll of enchant weapon I {unknown}
 l - 2 scrolls of curse weapon {unknown}
 m - 3 scrolls of remove curse {unknown}
 n - a scroll of random uselessness {unknown}
 o - 2 scrolls of fog {unknown}
 p - a scroll of amnesia {unknown}
Jewellery
 r - a ring of magical power (left hand)
Potions
 e - a potion of resistance {unknown}
 k - 2 potions of curing {unknown}
 s - a potion of invisibility {unknown}
Books
 c - a book of Conjurations

   Spells                             Type                      Level
   *Magic Dart                        Conjuration                  1
   *Searing Ray                       Conjuration                  2
   Dazzling Spray                     Conjuration/Hexes            3
   Iskenderun's Mystic Blast          Conjuration                  4
   Iskenderun's Battlesphere          Conjuration/Charms           4
   Fulminant Prism                    Conjuration/Hexes            5


   Skills:
 - Level 1.7 Dodging
 - Level 1.7 Stealth
 + Level 1.4 Spellcasting
 * Level 5.3 Conjurations


You had 2 spell levels left.
You knew the following spells:

 Your Spells              Type           Power        Failure   Level  Hunger
a - Magic Dart            Conj           ###.         1%          1    #......
s - Searing Ray           Conj           ###...       2%          2    ###....


Dungeon Overview and Level Annotations

Branches:
Dungeon (3/27)

Annotations:
D:3 zammy's ghost, average FoBe


Message History

Casting: Searing Ray
Confirm with . or Enter, or press ? or * to list all spells.
Aiming: Searing Ray
Press: ? - help, Shift-Dir - straight line, f/p - zammy's ghost
Aim: zammy's ghost (moderately damaged)
The searing ray hits zammy's ghost.
Zammy's ghost is heavily damaged.
Zammy's ghost hits you!
The searing ray hits zammy's ghost.
Zammy's ghost is severely damaged.
Zammy's ghost closely misses you.
The searing ray hits zammy's ghost.
Zammy's ghost is severely damaged.
You are feeling hungry.
Zammy's ghost hits you!
* * * LOW HITPOINT WARNING * * *
The searing ray hits zammy's ghost.
Zammy's ghost is almost destroyed.
Zammy's ghost hits you.
You die...

#.#.. ##.#. ..' #.# #.#
#######.#.# #....##.#.#
##....##p#.#
#.....'@.#.####### #.#
#.....####.#.....# #.#
#........#.#.###.# #.# #
#........#.#.# #.# #.#
#.###'######.#.###.# #.#
#..................#+##.#
####...#####.#.###......##
#...# #.#...+........
#########...##
#.#####........


You could see zammy's ghost.

Vanquished Creatures
  Jessica (D:2)
  5 adders (D:2)
  An ooze (D:3)
  6 bats
  4 giant cockroaches
  3 goblins
  6 hobgoblins
  3 jackals (D:3)
  7 kobolds
  3 giant newts
  8 rats
47 creatures vanquished.

Notes
Turn   | Place    | Note
--------------------------------------------------------------
     0 | D:1      | PolkaDot, the Demigod Conjurer, began the quest for the Orb.
     0 | D:1      | Reached XP level 1. HP: 14/14 MP: 5/5
   234 | D:1      | Reached skill level 4 in Conjurations
   595 | D:1      | Reached XP level 2. HP: 20/20 MP: 0/6
  1040 | D:1      | Learned a level 2 spell: Searing Ray
  1495 | D:2      | Reached XP level 3. HP: 20/26 MP: 0/8
  1581 | D:2      | Noticed Jessica
  1584 | D:2      | Killed Jessica
  1693 | D:2      | Reached skill level 5 in Conjurations
  1930 | D:2      | Reached XP level 4. HP: 30/33 MP: 11/11
  2536 | D:3      | Noticed zammy's ghost (average FoBe)
  2547 | D:3      | Slain by zammy's ghost

Action                   |  1- 3 |  4- 6 || total
-------------------------+-------+-------++-------
Melee: Short sword       |    46 |    24 ||    70
       Unarmed           |     3 |       ||     3
 Cast: Magic Dart        |    48 |       ||    48
       Searing Ray       |     4 |     3 ||     7
 Stab: Sleeping          |       |     3 ||     3
